details: 'ud fiend tower rush'

« prev index next »

General information

Mini Map

Players

team 1
Undeadumm (orange | 115 APM | 1777 actions | 15:24)
Hero icon 4 Death Knight
Ability icon 2 Death Coil
Ability icon 2 Unholy Aura

» actions
Assign group hotkey9
Basic commands69
Build / train32
ESC pressed1
Enter build submenu14
Enter hero's abilities submenu4
Right click966
Select / deselect188
Select group hotkey434
Use ability60
1777 total
» units
Acolyte3
Crypt Fiend8
Ghoul2
Meatwagon3
Obsidian Statue2
18 total
» upgrades
Creature Attack1
Burrow1
Web1
3 total
» buildings
Graveyard1
Crypt2
Ziggurat7
Altar of Darkness1
Halls of the Dead1
Tomb of Relics1
Slaughterhouse2
Nerubian Tower2
17 total
» build order
00:12 Graveyard
00:26 Crypt
00:44 Crypt
01:04 Ziggurat
01:53 Altar of Darkness
02:31 Ziggurat
03:01 Ziggurat
06:43 Halls of the Dead
06:46 Ziggurat
08:06 Ziggurat
09:01 Tomb of Relics
09:06 Slaughterhouse
09:10 Slaughterhouse
11:44 Ziggurat
13:15 Nerubian Tower
13:26 Ziggurat
14:40 Nerubian Tower
» items
Sacrificial Skull1
Potion of Mana1
Potion of Healing1
3 total
team 2
HumanEL-GATURRO (purple | 58 APM | 883 actions | 15:17)
Hero icon 2 Paladin
Ability icon 1 Devotion Aura
Ability icon 1 Divine Shield

» actions
Assign group hotkey6
Build / train58
Enter build submenu21
Enter hero's abilities submenu2
Right click508
Select / deselect212
Select group hotkey47
Use ability29
883 total
» units
Peasant15
Footman5
Priest3
Mortar Team2
Knight4
Siege Engine2
Sorceress1
32 total
» upgrades
Masonry1
Priest Training1
Swords2
Plating2
Animal War Training1
Magic Sentry1
Barrage1
Gunpowder1
Sorceress Training1
11 total
» buildings
Farm6
Altar of Kings1
Barracks2
Lumber Mill1
Scout Tower4
Guard Tower3
Arcane Vault1
Keep1
Blacksmith1
Arcane Sanctum1
Workshop1
Castle1
Cannon Tower1
24 total
» build order
00:05 Farm
00:09 Altar of Kings
00:13 Barracks
01:23 Farm
01:35 Farm
02:10 Lumber Mill
02:15 Scout Tower
02:20 Scout Tower
03:15 Guard Tower
03:18 Farm
03:33 Arcane Vault
04:13 Keep
04:51 Scout Tower
05:02 Blacksmith
05:25 Guard Tower
05:29 Farm
06:40 Scout Tower
07:51 Arcane Sanctum
08:02 Guard Tower
08:25 Workshop
08:27 Castle
09:49 Farm
10:43 Barracks
11:57 Cannon Tower
» items
Mechanical Critter2
Scroll of Regeneration1
Ivory Tower3
6 total